 Dungeon Crawl Stone Soup version 0.28-a0-476-g0f06bd746f (webtiles) character file.

Game seed: 52336648514104967

109977 Gwenloh the Severer (level 16, -5/149 (150) HPs)
             Began as a Minotaur Cinder Acolyte on Sept 16, 2021.
             Was a High Priest of Ignis.
             Slain by a goliath frog (32 damage)
             ... on level 2 of the Lair of Beasts.
             The game lasted 02:13:31 (28991 turns).

Gwenloh the Severer (Minotaur Cinder Acolyte)      Turns: 28991, Time: 02:13:32

HP:   -5/149 (150)  AC: 15    Str: 20    XL:     16   Next: 6%
MP:   16/16         EV: 15    Int: 11    God:    Ignis [*****.]
Gold: 1508          SH: 12    Dex: 17    Spells: 15/17 levels left

rFire   + . .      SeeInvis +   a - +5 broad axe (flame)
rCold   x . .      Faith    .   W - +0 kite shield {reflect}
rNeg    . . .      Spirit   .   M - +2 scale mail of Uskayaw's Esteem {Rampage rC- Dex+5 SInv}
rPois   +          Reflect  +   (helmet restricted)
rElec   .          Harm     .   y - +2 cloak {rPois}
rCorr   .          Rampage  +   L - +2 pair of gloves
Will    +....                   I - +1 pair of boots
Stlth   ..........              J - amulet of regeneration
HPRegen 1.34/turn               v - +4 ring of protection
MPRegen 0.15/turn               t - ring of see invisible

@: corroded, studying Axes, lightly drained
A: horns 2, retaliatory headbutt, deformed body
a: Renounce Religion, Sea of Fire, Foxfire Swarm, Rising Flame


You were on level 2 of the Lair of Beasts.
You worshipped Ignis.
Ignis was extremely pleased with you.
You visited 5 branches of the dungeon, and saw 25 of its levels.

You collected 2723 gold pieces.
You spent 1215 gold pieces at shops.

Inventory:

Hand Weapons
 a - a +5 broad axe of flaming (weapon)
 b - a +0 hand crossbow
 l - the +4 war axe of Jakyshre {vorpal, Dex+2}
   (You found it on level 4 of the Dungeon)

   It inflicts extra damage upon your enemies.
   Dex:       It affects your dexterity (+2).
 m - the +5 executioner's axe of the Chopping Spider {speed, rF+ SInv Stlth-}
   (You acquired it on level 2 of the Orcish Mines)

   Attacks with this weapon are significantly faster.
   rF:        It protects you from fire.
   SInv:      It lets you see invisible.
   Stlth:     It makes you less stealthy.
 z - a +0 fustibalus
 B - a +2 antimagic trident
 O - the +11 flail "Dragonbane" {vorpal, *Rage Will+ Str+4 Int-5}
   (You found it on level 1 of the Lair of Beasts)

   It inflicts extra damage upon your enemies.
   Str:       It affects your strength (+4).
   Int:       It affects your intelligence (-5).
   *Rage:     It lets you go berserk by making a melee attack (+20% chance).
   Will:      It increases your willpower.
Missiles
 k - 40 poisoned darts (quivered)
 N - 197 bolts
Armour
 r - a +3 chain mail of willpower
 y - a +2 cloak of poison resistance (worn)
 I - a +1 pair of boots (worn)
 L - a +2 pair of gloves (worn)
 M - the +2 scale mail of Uskayaw's Esteem (worn) {Rampage rC- Dex+5 SInv}
   (You found it on level 8 of the Dungeon)

   Dex:       It affects your dexterity (+5).
   rC:        It makes you vulnerable to cold.
   SInv:      It lets you see invisible.
   Rampage:   It bestows one free step when moving towards enemies.
 W - a +0 kite shield of reflection (worn)
Jewellery
 j - a +4 ring of evasion
 o - an amulet of faith
 t - a ring of see invisible (right hand)
 v - a +4 ring of protection (left hand)
 J - an amulet of regeneration (around neck)
 Q - a ring of protection from cold
 T - a ring of poison resistance
 Y - a ring of positive energy
Wands
 u - a wand of digging (5)
 D - a wand of flame (15)
 P - a wand of acid (14)
 R - a wand of polymorph (15)
 S - a wand of iceblast (25)
 U - a wand of mindburst (29)
Scrolls
 d - 5 scrolls of teleportation
 e - 2 scrolls of blinking
 h - 2 scrolls of holy word
 n - a scroll of summoning
 p - 2 scrolls of amnesia
 E - 5 scrolls of identify
 V - 3 scrolls of fog
 X - 2 scrolls of fear
 Z - 3 scrolls of magic mapping
Potions
 g - 6 potions of flight
 i - 2 potions of might
 s - 7 potions of curing
 w - a potion of cancellation
 C - 4 potions of mutation
 F - a potion of haste
 G - a potion of attraction
 H - a potion of berserk rage
 K - 2 potions of invisibility
Miscellaneous
 c - a phial of floods
 A - a lightning rod (4/4)


   Skills:
 + Level 15.7 Fighting
 + Level 20.6 Axes
 + Level 15.3 Armour
 - Level 11.3 Dodging
 + Level 9.2 Shields
 - Level 1.0 Spellcasting
 - Level 2.1 Fire Magic
 + Level 8.6 Evocations


You had 15 spell levels left.
You knew the following spells:

 Your Spells              Type           Power      Damage    Failure   Level
a - Scorch                Fire           10%        2d6       65%         2

Your spell library contained the following spells:

 Spells                   Type           Power      Damage    Failure   Level
 Animate Skeleton         Necr           0%         N/A       80%         1
 Apportation              Tloc           0%         N/A       80%         1
 Summon Small Mammal      Summ           0%         N/A       80%         1
 Sublimation of Blood     Necr           0%         N/A       91%         2
 Wereblood                Tmut           0%         N/A       91%         2
 Conjure Flame            Conj/Fire      2%         6-21      95%         3
 Ignite Poison            Fire/Tmut/Pois 2%         N/A       97%         3
 Call Canine Familiar     Summ           0%         N/A       99%         3
 Portal Projectile        Hex/Tloc       0%         N/A       99%         3
 Stone Arrow              Conj/Erth      0%         3d7       99%         3
 Animate Armour           Summ/Erth      0%         N/A       100%        4
 Animate Dead             Necr           0%         N/A       100%        4
 Leda's Liquefaction      Hex/Erth       0%         N/A       100%        4
 Olgreb's Toxic Radiance  Pois           0%         N/A       100%        4
 Petrify                  Tmut/Erth      0%         N/A       100%        4
 Sticky Flame             Conj/Fire      2%         2d3       100%        4
 Metabolic Englaciation   Hex/Ice        0%         N/A       100%        5
 Statue Form              Tmut/Erth      0%         N/A       100%        6
 Haunt                    Necr/Summ      0%         N/A       100%        7
 Ozocubu's Refrigeration  Ice            0%         4d5       100%        7
 Summon Hydra             Summ           0%         N/A       100%        7
 Ignition                 Fire           2%         3d3       100%        8
 Infestation              Necr           0%         N/A       100%        8
 Lehudib's Crystal Spear  Conj/Erth      0%         10d2      100%        8


Dungeon Overview and Level Annotations

Branches:
Dungeon (15/15)            Temple (1/1) D:6            Lair (6/6) D:9
  Swamp (1/4) Lair:2       Spider (0/4) Lair:2        Slime (0/5) Lair:5
    Orc (2/2) D:10            Elf (0/3) Orc:2        Vaults (0/5) D:13
 Depths (0/5) D:15

Altars:
Ashenzari
Cheibriados
Dithmenos
Elyvilon
Fedhas
Gozag
Hepliaklqana
Kikubaaqudgha
Makhleb
Nemelex Xobeh
Okawaru
Qazlal
Ru
Sif Muna
Trog
Uskayaw
Vehumet
Wu Jian
Xom
Yredelemnul
Zin
The Shining One
Beogh
Jiyva

Shops:
Orc:2 =(:?

Annotations:
D:3 exclusion: oklob plant
D:7 1 runed translucent door, Soel's ghost, novice GrEE
D:9 3 runed translucent doors
Lair:4 2 transporters, exclusion: oklob plant, Atont's ghost, journeyman DDFi


Innate Abilities, Weirdness & Mutations

You have a pair of horns on your head.
You reflexively headbutt those who attack you in melee.
Armour fits poorly on your strangely shaped body.


Message History

The swamp worm is moderately wounded.
The goliath frog hits you from afar!
You are splashed with acid!
You block the swamp worm's attack.
You slash the swamp worm! You burn the swamp worm!
You kill the swamp worm!
You block the goliath frog's attack.
You slash the moth of wrath! You burn the moth of wrath.
You headbutt the moth of wrath.
The moth of wrath is moderately wounded.
The moth of wrath bites you! The goliath frog barely misses you.
The moth of wrath misses you. You block the moth of wrath's attack.
You enter the shallow water.
Moving in this stuff is going to be slow.
The goliath frog hits you from afar!! The acid corrodes you!
You are splashed with acid!
The moth of wrath closely misses you.
The goliath frog looks more healthy.
The goliath frog closely misses you.
The moth of wrath goads the goliath frog on!
The goliath frog goes berserk!
The goliath frog hits you but does no damage.
You block the goliath frog's attack.
There is a staircase back to the Lair here.
The goliath frog hits you but does no damage.
The goliath frog hits you.
You are splashed with acid!
The moth of wrath bites you but does no damage.
You climb upwards.
Welcome back to the Lair of Beasts!
There is a staircase to the Swamp here.
You feel much better. The goliath frog misses you.
You block the goliath frog's attack.
You slash the goliath frog! You burn the goliath frog.
The goliath frog is lightly wounded.
The goliath frog hits you.
You are splashed with acid!
You hit the goliath frog. You burn the goliath frog.
The goliath frog is moderately wounded.
The goliath frog hits you!!
* * * LOW HITPOINT WARNING * * *
You are splashed with acid!
* * * LOW HITPOINT WARNING * * *
The goliath frog hits you!!
You die...

........................†........
##...................##.#######..
#.#.......#.#......>...[##PP#.#..
..##......###.##.....##......#...
..........#....+..............+..
..+..†.....#.........##......P#..
..##.....".#.§#.§§§§.##......##..
..........###.#.§§§§.##......##..
..##......#..##§@§§§.###...####..
###............§§F§§.######...#..
##.............§§§...............
.................................
.................................
..)..............................
..........###...###...#.###..#...
#........#########....####.##....
#.........#............#....#....


You could see a goliath frog (berserk).

Vanquished Creatures
  Donald (Orc:2)
  An orc warlord (Orc:2)
  A very ugly thing (D:15)
  2 bunyips (Swamp:1)
  An eleionoma (Swamp:1)
  A great orb of eyes (D:15)
  Fannar (D:11)
  2 boulder beetles
  Erolcha (Orc:2)
  5 ogre magi
  A merfolk avatar (Lair:6)
  A catoblepas (Lair:2)
  A ghost crab (Swamp:1)
  5 hydras
  19 two-headed ogres
  Erica (D:10)
  2 centaur warriors (D:13)
  2 tengu warriors (D:13)
  Urug (Lair:3)
  An orc high priest (Orc:2)
  5 death yaks
  Nergalle (Orc:1)
  A fire crab (shapeshifter) (D:14)
  12 skeletal warriors
  2 sea snakes
  A deep elf archer (D:13)
  A swamp dragon (Lair:2)
  A wizard (D:14)
  An orc sorcerer (Orc:2)
  A deep elf zephyrmancer (D:13)
  A harpy (Lair:6)
  13 ugly things
  3 orc knights (Orc:2)
  3 deep elf pyromancers
  A manticore (Lair:6)
  5 cyclopes
  A centaur zombie (D:11)
  An elephant (Lair:6)
  Maurice (D:13)
  6 black mambas
  Joseph (D:7)
  2 gargoyles
  A torpor snail (Lair:4)
  16 cane toads
  2 freezing wraiths (D:14)
  An unseen horror (D:11)
  8 yaktaurs
  2 ice devils (D:12)
  2 efreet (D:15)
  11 komodo dragons
  5 rime drakes
  A wind drake (Lair:6)
  10 trolls
  A hornet (Lair:6)
  Prince Ribbit (D:6)
  A tyrant leech (Swamp:1)
  A polar bear (Lair:2)
  6 dream sheep (Lair:3)
  A slime creature (shapeshifter) (D:15)
  11 blink frogs
  8 slime creatures
  A meliai zombie (D:10)
  6 wyverns
  A shadow (D:11)
  A wraith (D:13)
  41 yaks
  6 basilisks
  3 steam dragons
  4 vampire mosquitoes (D:11)
  Menkaure (D:4)
  3 wargs
  6 swamp worms (Swamp:1)
  21 water moccasins
  An acid dragon (D:13)
  28 orc warriors
  An ice beast (D:8)
  2 black bears
  A necrophage (D:7)
  33 ogres
  5 boggarts (D:14)
  15 wolves
  2 phantoms
  14 centaurs
  17 bullfrogs
  5 kobold brigands
  10 scorpions
  6 gnoll sergeants
  2 wyvern zombies (D:6)
  A wyvern skeleton (D:6)
  2 water moccasin skeletons
  3 killer bees (D:10)
  7 howler monkeys
  A vampire bat (D:4)
  10 electric eels
  7 crimson imps (D:7)
  2 centaur skeletons (D:7)
  4 hounds
  3 jellies
  A bullfrog skeleton (D:5)
  13 orc priests
  Natasha (twice) (D:2)
  4 iguanas
  15 orc wizards
  6 hell rats (Lair:6)
  A killer bee zombie (D:4)
  A hound skeleton (D:4)
  A howler monkey zombie (D:9)
  9 gnolls
  13 adders
  A shadow imp (D:7)
  4 white imps
  A dart slug (D:4)
  3 fire bats (D:4)
  81 orcs
  2 spectral bats (D:4)
  A bat simulacrum (D:4)
  3 bat skeletons (D:4)
  A bat zombie (D:4)
  8 endoplasms
  4 giant cockroaches
  8 goblins
  7 hobgoblins
  15 kobolds
  7 ball pythons
  16 bats
  4 frilled lizards
  7 rats
718 creatures vanquished.

Vanquished Creatures (others)
  42 fungi
  55 plants
97 creatures vanquished.

Grand Total: 815 creatures vanquished

Notes
Turn   | Place    | Note
-------+----------+-------------------------------------------
     0 | D:1      | Gwenloh the Minotaur Cinder Acolyte began the quest for the
                  | Orb.
     0 | D:1      | Reached XP level 1. HP: 19/19 MP: 1/1
   199 | D:1      | Reached XP level 2. HP: 25/27 MP: 2/2
   235 | D:1      | Reached skill level 4 in Axes
   238 | D:1      | Learned a level 2 spell: Scorch
   815 | D:1      | Reached skill level 1 in Armour
  1042 | D:2      | Found a faded altar of an unknown god.
  1053 | D:2      | Reached skill level 1 in Dodging
  1237 | D:2      | Reached XP level 3. HP: 9/33 MP: 0/3
  1682 | D:2      | Noticed Natasha
  1687 | D:2      | Killed Natasha
  1688 | D:2      | Reached XP level 4. HP: 34/40 MP: 1/4
  1763 | D:2      | Noticed Natasha
  1769 | D:2      | Killed Natasha
  1935 | D:2      | Reached skill level 5 in Axes
  2513 | D:3      | Reached XP level 5. HP: 46/47 MP: 1/5
  2966 | D:3      | Found a blossoming altar of Fedhas.
  2990 | D:3      | Noticed an oklob plant
  3351 | D:4      | Noticed an ogre
  3363 | D:4      | Killed an ogre
  3470 | D:4      | Reached XP level 6. HP: 55/55 MP: 6/6
  3473 | D:4      | Identified the +1 scale mail "Sahoigru" {Harm *Slow rCorr
                  | Str+5}
  3556 | D:4      | Noticed Menkaure
  3568 | D:4      | Killed Menkaure
  3569 | D:4      | Reached skill level 5 in Fighting
  3569 | D:4      | Reached skill level 6 in Axes
  3914 | D:5      | Entered Level 5 of the Dungeon
  4131 | D:5      | Reached XP level 7. HP: 53/61 MP: 4/7
  4297 | D:5      | Reached skill level 7 in Axes
  4536 | D:4      | Identified the +4 war axe of Jakyshre {vorpal, Dex+2}
  5180 | D:4      | Reached skill level 8 in Axes
  5180 | D:4      | Reached XP level 8. HP: 62/70 MP: 0/8
  5679 | D:5      | Found an opulent altar of Gozag.
  5680 | D:5      | Found a broken altar of Ashenzari.
  5754 | D:5      | Reached skill level 5 in Armour
  6361 | D:6      | Reached skill level 9 in Axes
  6361 | D:6      | Reached skill level 5 in Dodging
  6420 | D:6      | Found a staircase to the Ecumenical Temple.
  6442 | Temple   | Entered the Ecumenical Temple
  7317 | D:6      | Noticed Prince Ribbit
  7329 | D:6      | Killed Prince Ribbit
  7330 | D:6      | Reached XP level 9. HP: 76/79 MP: 5/9
  7439 | D:6      | Found a sparkling altar of Nemelex Xobeh.
  7443 | D:6      | Found a shimmering altar of Xom.
  7446 | D:6      | Found a hide-covered altar of Uskayaw.
  7707 | D:7      | Noticed Joseph
  7802 | D:7      | Killed Joseph
  7803 | D:7      | Reached skill level 10 in Axes
  8525 | D:7      | Found a runed translucent door.
  8525 | D:7      | Noticed Soel's ghost (novice GrEE)
  8579 | D:7      | Found an iron altar of Okawaru.
  9135 | D:8      | Reached skill level 11 in Axes
  9261 | D:8      | Noticed a troll
  9265 | D:8      | Killed a troll
  9378 | D:8      | Found a radiant altar of Vehumet.
  9533 | D:8      | Identified the +2 scale mail of Uskayaw's Esteem {Rampage
                  | rC- Dex+5 SInv}
  9577 | D:8      | Found a shimmering blue altar of Sif Muna.
  9635 | D:8      | Reached XP level 10. HP: 77/90 MP: 10/10
  9662 | D:8      | Found an ornate altar of the Wu Jian Council.
  9869 | D:9      | Noticed a death yak
  9869 | D:9      | Noticed a death yak
  9869 | D:9      | Noticed a death yak
  9879 | D:9      | Killed a death yak
  9880 | D:9      | Reached skill level 12 in Axes
  9880 | D:9      | Killed a death yak
  9882 | D:9      | Killed a death yak
  9927 | D:9      | Found a staircase to the Lair.
 10253 | D:9      | Noticed a two-headed ogre
 10263 | D:9      | Killed a two-headed ogre
 10431 | D:9      | Found a sacrificial altar of Ru.
 10444 | D:9      | Found a shadowy altar of Dithmenos.
 10444 | D:9      | Found a glowing silver altar of Zin.
 10558 | D:9      | Found a runed translucent gate.
 10558 | D:9      | Found a runed translucent gate.
 10558 | D:9      | Found a runed translucent gate.
 10559 | D:9      | Noticed a white ugly thing
 10560 | D:9      | Noticed a cyan ugly thing
 10560 | D:9      | Noticed a red ugly thing
 10560 | D:9      | Noticed a red very ugly thing
 10561 | D:9      | Noticed a green ugly thing
 10562 | D:9      | Noticed a purple ugly thing
 10746 | Lair:1   | Entered Level 1 of the Lair of Beasts
 10756 | Lair:1   | Reached skill level 13 in Axes
 10756 | Lair:1   | Reached XP level 11. HP: 98/99 MP: 11/11
 11021 | Lair:1   | Reached skill level 10 in Fighting
 11064 | Lair:1   | Noticed a boulder beetle
 11074 | Lair:1   | Identified the +11 flail "Dragonbane" {vorpal, *Rage Will+
                  | Str+4 Int-5}
 11074 | Lair:1   | Found an ornate altar of the Wu Jian Council.
 11074 | Lair:1   | Found a hide-covered altar of Uskayaw.
 11085 | Lair:1   | Killed a boulder beetle
 11435 | Lair:1   | Noticed an eight-headed hydra
 11447 | Lair:1   | Killed an eight-headed hydra
 11507 | Lair:1   | Upgraded the game from 0.28-a0-474-g535839065c to
                  | 0.28-a0-476-g0f06bd746f
 11593 | Lair:1   | Reached skill level 14 in Axes
 11609 | Lair:1   | Reached skill level 10 in Armour
 12199 | Lair:2   | Noticed an eight-headed hydra
 12206 | Lair:2   | Killed an eight-headed hydra
 12300 | Lair:2   | Found a staircase to the Swamp.
 12399 | Lair:2   | Reached XP level 12. HP: 100/110 MP: 12/12
 12612 | Lair:2   | Found a hole to the Spider Nest.
 12878 | Lair:2   | Noticed a catoblepas
 12893 | Lair:2   | Killed a catoblepas
 12894 | Lair:2   | Reached skill level 15 in Axes
 13179 | Lair:2   | Identified a scroll of acquirement
 13181 | Lair:2   | Acquired a manual of Axes
 13238 | Lair:3   | Reached skill level 10 in Dodging
 13288 | Lair:3   | Noticed Urug
 13301 | Lair:3   | Killed Urug
 13803 | Lair:3   | You fall into a shaft and drop 3 floors!
 13803 | Lair:6   | Entered Level 6 of the Lair of Beasts
 13853 | Lair:6   | Reached skill level 16 in Axes
 14599 | Lair:3   | Reached skill level 1 in Evocations
 15207 | Lair:4   | Reached XP level 13. HP: 104/119 MP: 13/13
 15247 | Lair:4   | Found a transporter.
 15258 | Lair:4   | Noticed Atont's ghost (journeyman DDFi)
 15266 | Lair:4   | Found a transporter.
 16249 | Lair:5   | Found a viscous altar of Jiyva.
 16249 | Lair:5   | Found a staircase to the Slime Pits.
 16881 | Lair:5   | Reached skill level 1 in Shields
 16973 | Lair:6   | Reached skill level 17 in Axes
 17077 | Lair:6   | Paralysed by a hornet for 2 turns
 18240 | D:10     | Entered Level 10 of the Dungeon
 19082 | D:10     | Found a staircase to the Orcish Mines.
 19874 | D:11     | Reached XP level 14. HP: 117/129 MP: 14/14
 20026 | D:11     | Reached skill level 5 in Evocations
 20159 | D:11     | Reached skill level 18 in Axes
 20263 | D:11     | Noticed Fannar
 20294 | D:11     | Killed Fannar
 20357 | D:11     | Found a shadowy altar of Dithmenos.
 20843 | Orc:1    | Entered Level 1 of the Orcish Mines
 20848 | Orc:1    | Noticed Erica
 20877 | D:10     | Killed Erica
 20926 | Orc:1    | Noticed Nergalle
 20938 | Orc:1    | Killed Nergalle
 21102 | Orc:2    | Entered Level 2 of the Orcish Mines
 21102 | Orc:2    | Found a staircase to the Elven Halls.
 21287 | Orc:2    | Noticed Donald
 21300 | Orc:2    | Killed Donald
 21356 | Orc:2    | Noticed an orc warlord
 21375 | Orc:2    | Killed an orc warlord
 21730 | Orc:2    | Gained mutation: Armour fits poorly on your strangely
                  | shaped body. [a neqoxec]
 22516 | Orc:2    | Paralysed by something for 2 turns
 22522 | Orc:2    | Reached skill level 5 in Shields
 22828 | Orc:1    | Reached skill level 19 in Axes
 22952 | Orc:2    | Noticed Erolcha
 22961 | Orc:2    | Killed Erolcha
 23099 | Orc:2    | Found Huplohu's Jewellery Shoppe.
 23099 | Orc:2    | Found Harusooh's Antique Weapon Boutique.
 23123 | Orc:2    | Found Hany's Magic Scroll Emporium.
 23123 | Orc:2    | Found Enew's Book Boutique.
 23214 | Orc:2    | Bought a scroll of blinking for 135 gold pieces
 23214 | Orc:2    | Bought a scroll of acquirement for 936 gold pieces
 23215 | Orc:2    | Acquired the +5 executioner's axe of the Chopping Spider
                  | {speed, rF+ SInv Stlth-}
 23218 | Orc:2    | Bought a scroll of identify for 36 gold pieces
 23218 | Orc:2    | Bought a scroll of identify for 36 gold pieces
 23218 | Orc:2    | Bought a scroll of identify for 36 gold pieces
 23218 | Orc:2    | Bought a scroll of identify for 36 gold pieces
 23858 | D:12     | Reached XP level 15. HP: 133/139 MP: 15/15
 24541 | D:12     | Found a frozen archway.
 25031 | D:13     | Noticed Maurice
 25094 | D:13     | Killed Maurice
 25419 | D:13     | Reached skill level 15 in Fighting
 25576 | D:13     | Found a gate to the Vaults.
 26662 | D:14     | Reached skill level 20 in Axes
 27648 | D:15     | Entered Level 15 of the Dungeon
 27669 | D:15     | Reached skill level 15 in Armour
 28215 | D:15     | Noticed a ghost moth
 28215 | D:15     | an entropy weaver changed into a ghost moth
 28223 | D:15     | Noticed a sphinx
 28227 | D:15     | a sphinx changed into a stone giant
 28229 | D:15     | Noticed a fenstrider witch
 28229 | D:15     | a stone giant changed into a fenstrider witch
 28234 | D:15     | a fenstrider witch changed into an iron troll
 28237 | D:15     | Noticed an iron dragon
 28237 | D:15     | an iron troll changed into an iron dragon
 28243 | D:15     | Noticed a fenstrider witch
 28331 | D:15     | Noticed a frost giant
 28331 | D:15     | an eleionoma changed into a frost giant
 28338 | D:15     | a frost giant changed into an iron troll
 28344 | D:15     | Noticed a fire giant
 28344 | D:15     | an iron troll changed into a fire giant
 28349 | D:15     | Noticed a sphinx
 28349 | D:15     | a fire giant changed into a sphinx
 28351 | D:15     | a sphinx changed into a death yak
 28426 | D:15     | Found a staircase to the Depths.
 28761 | Swamp:1  | Entered Level 1 of the Swamp
 28869 | Swamp:1  | Reached XP level 16. HP: 101/144 MP: 16/16
 28991 | Lair:2   | Slain by a goliath frog

Illustrated notes

Levels and vault maps discovered:
D:1:      sevenhm_arrival_forest_fort_small_6, layout_basic
D:2:      layout_basic, dreamdust_ecumenical_altar_grove, uniq_natasha
D:3:      layout_basic, tgw_fedhas, grunt_decor_fettered, minmay_misc_feat_tiny,
          minmay_quadrilaterals
D:4:      layout_basic, kennysheep_another_room, minmay_misc_feat_secret_circle,
          goddamned_bats, uniq_menkaure
D:5:      layout_rooms, gammafunk_temple_overflow_statue,
          kennysheep_generic_room_14
D:6:      layout_gridville, grunt_temple_overflow_diamond,
          minmay_temple_entry_crystal_x, uniq_prince_ribbit1
D:7:      layout_basic, amcnicky_altar_gilded, hellmonk_ghost_happy_afterlife,
          amcnicky_mini_rare_corridor_liquid, minmay_nine_imps, uniq_joseph
D:8:      layout_rooms, vehumet_crystals, lemuel_doored_altar, led_sif_book
D:9:      layout_rooms, gammafunk_temple_overflow_wave, lemuel_tele_altar,
          dpeg_lair_monsters, ploomutoo_gammafunk_ghost_potion_laboratory
D:10:     layout_basic, kennysheep_orc_monster_closet_entryway
D:11:     layout_basic, nicolae_two_hexagons, nicolae_dithmenos_shadow_blocks,
          uniq_fannar
D:12:     layout_loops_ring, portal_ice_cave_demonic_guard,
          kennysheep_generic_room_9
D:13:     layout_long_grid, hangedman_vaults_entry_quadrant_bands, wad_dig_loot,
          uniq_maurice
D:14:     layout_roguey, kennysheep_nondescript, serial_glass, glass_columns_a,
          glass_columns_a, feat_on_display, feat_on_display,
          due_unseen_surprise, feat_on_display
D:15:     gammafunk_enter_depths_forms, layout_cave_pools, serial_park_tiny_pond
Temple:   nicolae_temple_figure_zero
Lair:1:   layout_small_grid, nzn_masters_of_martial_movement, grunt_megastairs_4
Lair:2:   layout_regular_city, swamp_mist, nicolae_spider_entry_non_spiders,
          serial_bayou_shore_a
Lair:3:   layout_hall_layers, st_stairs_6, infiniplex_staircase_pool_2,
          lemuel_fruit_fields, uniq_urug
Lair:4:   layout_roguey, gammafunk_ghost_arena, st_stairs_8, minivault_24,
          beast_lair_carwin_11
Lair:5:   layout_regular_city, slime_altar_1, serial_rivers,
          chequers_serial_rivers_micro_d, chequers_serial_rivers_small_3,
          chequers_serial_rivers_micro_d, chequers_serial_rivers_micro_c,
          hangedman_lair_generics_rect
Lair:6:   gammafunk_lair_ancient_temple, layout_layer_cave
Swamp:1:  layout_falls_marsh, gammafunk_ghost_split,
          evilmike_swamp_ruin_house_4, worms_lemuel
Orc:1:    layout_caves, basic_altar, uniq_erica, uniq_nergalle
Orc:2:    st_orc_ogre_mass, layout_diamond_mine, mines2_lemuel, uniq_erolcha,
          uniq_donald

Skill      XL: |  1  2  3  4  5  6  7  8  9 10 11 12 13 14 15 |
---------------+----------------------------------------------+-----
Axes           | 4 5 6 8 9 11 13 14 16 17 19 20 | 20.6
Armour         | 1 2 3 4 6 7 9 10 11 13 14 15 | 15.3
Dodging        | 1 2 3 4 5 6 8 9 10 11 | 11.3
Fighting       | 4 5 6 7 8 9 11 12 13 14 15 | 15.7
Evocations     | 1 4 7 8 |  8.6
Shields        | 4 6 9 |  9.2
Spellcasting   | |  1.0
Fire Magic     | |  2.1

Action                   |  1- 3 |  4- 6 |  7- 9 | 10-12 | 13-15 | 16-18 || total
-------------------------+-------+-------+-------+-------+-------+-------++-------
Melee: Hand axe          |    56 |    58 |    21 |       |       |       ||   135
       Headbutt          |     4 |     8 |    32 |   102 |   307 |     3 ||   456
       War axe           |       |       |   191 |   427 |   982 |       ||  1600
       Flail             |       |       |       |     8 |    11 |       ||    19
       Executioner's axe |       |       |       |       |   108 |       ||   108
       Broad axe         |       |       |       |       |   174 |    24 ||   198
 Fire: Hunting sling     |    24 |    70 |   172 |   222 |    75 |       ||   563
       Fustibalus        |       |       |       |       |   280 |       ||   280
       Hand crossbow     |       |       |       |       |    14 |    17 ||    31
Throw: Dart              |       |       |    16 |    25 |   105 |     3 ||   149
 Cast: Scorch            |     4 |    12 |    15 |     1 |       |       ||    32
Invok: Sea of Fire       |       |       |       |     1 |       |       ||     1
Evoke: Wand              |       |       |       |       |    21 |       ||    21
       Lightning rod     |       |       |       |       |     4 |       ||     4
  Use: Scroll            |       |       |    16 |     4 |    23 |       ||    43
       Potion            |       |       |       |       |     8 |     1 ||     9
Armor: Robe              |     9 |       |       |       |       |       ||     9
       Ring mail         |     3 |    22 |       |       |       |       ||    25
       Leather armour    |       |     9 |    84 |       |       |       ||    93
       Scale mail        |       |       |     1 |   158 |   297 |    13 ||   469
       Chain mail        |       |       |       |       |   190 |       ||   190
Dodge: Dodged            |    22 |    42 |   169 |   280 |   660 |    12 ||  1185
Block: Buckler           |       |       |       |       |    74 |       ||    74
       Kite shield       |       |       |       |       |   330 |    18 ||   348
       Reflection        |       |       |       |       |    25 |     2 ||    27

Table legend: (Time is in decaauts)
 A = Elapsed time spent in this place.
 B = Non-inter-level travel time spent in this place.
 C = Inter-level travel time spent in this place.
 D = Time resting spent in this place.
 E = Time spent auto-exploring this place.
 F = Levels seen in this place.
 G = Mean time per level.
                   A        B        C        D        E       F      G
               +--------+--------+--------+--------+--------+-----+--------+
         Total |  28791 |  27252 |   1539 |   2935 |  15290 |  25 | 1151.6 |
       Dungeon |  18072 |  16967 |   1105 |   1862 |  10908 |  15 | 1204.8 |
        Temple |    123 |    123 |      0 |      0 |    113 |   1 |  123.0 |
          Lair |   7523 |   7196 |    327 |    488 |   3801 |   6 | 1253.8 |
         Swamp |    161 |    161 |      0 |     25 |     16 |   1 |  161.0 |
  Orcish Mines |   2910 |   2804 |    106 |    559 |    451 |   2 | 1455.0 |
               +--------+--------+--------+--------+--------+-----+--------+

Top non-repeatable levels by time:
   Orc:2: 2020 daAuts
    D:10: 1743 daAuts
     D:4: 1702 daAuts
  Lair:6: 1657 daAuts
  Lair:3: 1428 daAuts
    D:12: 1411 daAuts
  Lair:1: 1374 daAuts
    D:13: 1348 daAuts
     D:6: 1337 daAuts
     D:7: 1329 daAuts
     D:3: 1271 daAuts
     D:5: 1266 daAuts
  Lair:2: 1197 daAuts
    D:11: 1088 daAuts
    D:14: 1068 daAuts
